 Dungeon Crawl Stone Soup version 0.29-a0-512-gf59ac788ac (webtiles) character file.

Game seed: 79970923993132715

9078 Maken the Destroyer (level 11, -2/64 HPs)
             Began as an Octopode Conjurer on Feb 11, 2022.
             Was an Elder of Vehumet.
             Slain by an unseen horror (8 damage)
             ... on level 10 of the Dungeon on May 29, 2022.
             The game lasted 01:17:55 (11847 turns).

Maken the Destroyer (Octopode Conjurer)            Turns: 11847, Time: 01:17:55

Health: -2/64      AC:  1    Str:  7    XL:     11   Next: 40%
Magic:  25/32      EV: 18    Int: 31    God:    Vehumet [****..]
Gold:   533        SH:  0    Dex: 16    Spells: 17/27 levels left

rFire   . . .      SeeInvis .   u - staff of conjuration
rCold   . . .      Faith    .   (no shield)
rNeg    . . .      Spirit   .   (helmet restricted)
rPois   .          Reflect  .   (no amulet)
rElec   .          Harm     .   b - +6 ring of dexterity
rCorr   .          Rampage  .   j - ring of magical power
Will    .....                   C - +6 ring of intelligence
Stlth   ++++......              d - +4 ring of slaying
HPRegen 1.00/turn               (no ring)
MPRegen 0.23/turn               (no ring)
                                (no ring)
                                (no ring)

@: no status effects
A: almost no armour, amphibious, 8 rings, camouflage 1, gelatinous body 1,
(nimble swimmer 1), tentacles, frail 1, regeneration 1
a: Renounce Religion


You were on level 10 of the Dungeon.
You worshipped Vehumet.
Vehumet was greatly pleased with you.
You visited 2 branches of the dungeon, and saw 11 of its levels.
You also visited: Bailey.

You collected 533 gold pieces.

Inventory:

Hand Weapons
 p - a +2 dagger of speed
Magical Staves
 u - a staff of conjuration (weapon)
Jewellery
 b - a +6 ring of dexterity (left tentacle)
 d - a +4 ring of slaying (on tentacle)
 j - a ring of magical power (right tentacle)
 C - a +6 ring of intelligence (on tentacle)
Wands
 i - a wand of acid (31)
 n - a wand of paralysis (6)
 w - a wand of iceblast (4)
 B - a wand of charming (5)
Scrolls
 a - a scroll of immolation
 h - a scroll of fog
 k - a scroll of silence
 l - a scroll of brand weapon
 o - 2 scrolls of teleportation
 q - a scroll of enchant armour
Potions
 c - a potion of attraction
 e - a potion of resistance
 f - a potion of mutation
 g - 2 potions of haste
 m - 2 potions of flight
 r - 3 potions of invisibility
 v - a potion of might
 z - a potion of lignification


   Skills:
 + Level 6.1 Fighting
 + Level 9.2 Dodging
 - Level 5.8 Stealth
 + Level 8.5 Spellcasting
 + Level 9.8 Conjurations
 + Level 4.2 Evocations


You had 17 spell levels left.
You knew the following spells:

 Your Spells              Type           Power      Damage    Failure   Level
a - Magic Dart            Conj           100%       1d8       1%          1
b - Searing Ray           Conj           100%       2d8       1%          2
c - Hailstorm             Conj/Ice       60%        3d13      1%          4
d - Mephitic Cloud        Conj/Pois/Air  50%        N/A       1%          3

Your spell library contained the following spells:

 Spells                   Type           Power      Damage    Failure   Level
 Olgreb's Toxic Radiance  Pois           13%        N/A       11%         4
 Freeze                   Ice            52%        1d7       1%          1
 Dazzling Flash           Conj/Hex       100%       N/A       1%          3
 Fulminant Prism          Conj/Hex       30%        3d16      1%          4
 Iskenderun's Mystic Bla  Conj/Tloc      60%        2d13      1%          4
 Apportation              Tloc           26%        N/A       3%          1
 Pain                     Necr           52%        1d6       3%          1
 Slow                     Hex            52%        N/A       3%          1
 Frozen Ramparts          Ice            26%        1d4       3%          3
 Ignite Poison            Fire/Tmut/Pois 13%        N/A       3%          3
 Inner Flame              Hex/Fire       13%        N/A       3%          3
 Ensorcelled Hibernation  Hex/Ice        26%        N/A       6%          2
 Passwall                 Tmut/Erth      10%        N/A       6%          2
 Sublimation of Blood     Necr           13%        N/A       6%          2
 Wereblood                Tmut           13%        N/A       6%          2
 Freezing Cloud           Conj/Ice/Air   25%        6-21      7%          5
 Confusing Touch          Hex            13%        N/A       12%         3
 Swiftness                Air            13%        N/A       12%         3
 Vampiric Draining        Necr           13%        2d6       12%         3
 Cause Fear               Hex            6%         N/A       36%         4
 Ice Form                 Ice/Tmut       13%        N/A       36%         4
 Agony                    Necr           13%        N/A       71%         5
 Alistair's Intoxication  Tmut/Pois      8%         N/A       71%         5
 Simulacrum               Ice/Necr       6%         N/A       99%         6
 Summon Hydra             Summ           6%         N/A       100%        7
 Discord                  Hex            6%         N/A       100%        8


Dungeon Overview and Level Annotations

Branches:
Dungeon (10/15)            Temple (1/1) D:4            Lair (0/6) D:10
    Orc (0/2) D:9          Bailey (visited)

Altars:
Ashenzari
Cheibriados
Dithmenos
Elyvilon
Fedhas
Gozag
Hepliaklqana
Kikubaaqudgha
Makhleb
Nemelex Xobeh
Okawaru
Qazlal
Ru
Sif Muna
Trog
Uskayaw
Vehumet
Wu Jian
Xom
Yredelemnul
Zin
The Shining One

Shops:
D:9 *

Annotations:
D:8 exclusion: oklob plant
D:10 Fannar, Nergalle


Innate Abilities, Weirdness & Mutations

You cannot wear most types of armour.
You are amphibious.
You can wear up to eight rings at the same time.
Your skin changes colour to match your surroundings (Stealth+).
Your rubbery body absorbs attacks. (AC +1, EV +1)
((You are camouflaged when in or above water. (Stealth+)))
You have tentacles for arms and can constrict up to eight enemies at once.
You are frail. (-10% HP)
Your natural rate of healing is unusually fast.


Message History

Found a scroll of identify.
Casting: Searing Ray (safe; 1% risk of failure)
Confirm with . or Enter, or press ? or * to list all spells.
You can't see any susceptible monsters within range! (Use Z to cast anyway.)
Casting: Searing Ray (safe; 1% risk of failure)
Confirm with . or Enter, or press ? or * to list all spells.
Aiming: Searing Ray (safe; 1% risk of failure)
Press: ? - help, Shift-Dir - straight line You feel a surge of power!
The searing ray hits something. (Press . to maintain the ray.)
Something barely misses you. Something hits you!
Deactivating autopickup; reactivate with Ctrl-A.
Something closely misses you. Something hits you. Something hits you!
The searing ray hits something but does no damage.
You finish channelling your searing ray.
Something hits you. x3
Casting: Searing Ray (safe; 1% risk of failure)
Confirm with . or Enter, or press ? or * to list all spells.
Okay, then.
Unknown command.
Casting: Searing Ray (safe; 1% risk of failure)
Confirm with . or Enter, or press ? or * to list all spells.
Aiming: Searing Ray (safe; 1% risk of failure)
Press: ? - help, Shift-Dir - straight line You feel a surge of power! (Press . to maintain the ray.)
Something hits you. Something hits you!
* * * LOW HITPOINT WARNING * * *
Something hits you!
* * * LOW HITPOINT WARNING * * *
Something barely misses you.
The searing ray hits something!
Something barely misses you. Something hits you.
* * * LOW HITPOINT WARNING * * *
Something barely misses you. Something hits you.
* * * LOW HITPOINT WARNING * * *
Something hits you!
You die...

####### #.#...########
#........?....
#.##..########
#............
#######..#######
#.....@..#
#######........#####
#.....+..............
#####.#####........######
..........+........#
#####.#####.......e#####
#>...........^..[..
#########.######.####
####)####....P..


You could see Fannar (wandering).

Vanquished Creatures
  2 two-headed ogres (D:8)
  A manticore (D:7)
  Maggie (D:7)
  A troll (D:9)
  A shadow (D:9)
  A wraith (D:9)
  13 yaks
  An acid dragon (D:9)
  A water moccasin (D:7)
  9 orc warriors
  A black bear (D:4)
  An ice beast (D:5)
  A sky beast (D:7)
  2 centaurs
  2 gnoll sergeants
  5 bullfrogs
  2 necrophages
  4 scorpions
  10 wights (D:8)
  8 killer bees (D:7)
  3 howler monkeys (D:7)
  11 jellies
  6 hounds
  8 orc priests
  Terence (D:2)
  7 iguanas
  9 orc wizards
  8 gnolls
  5 adders
  A shadow imp (D:6)
  A white imp (D:5)
  2 dart slugs
  38 orcs
  7 ball pythons
  19 endoplasms
  4 giant cockroaches
  8 hobgoblins
  4 jackals
  12 kobolds
  4 quokkas
  5 frilled lizards
  9 goblins
  3 rats
242 creatures vanquished.

Vanquished Creatures (collateral kills)
  A bullfrog (D:10)
1 creature vanquished.

Vanquished Creatures (others)
  A yak (D:10)
  A centaur (D:10)
  A hound (shapeshifter) (D:10)
  47 fungi
  46 plants (D:10)
96 creatures vanquished.

Grand Total: 339 creatures vanquished

Notes
Turn   | Place    | Note
-------+----------+-------------------------------------------
     0 | D:1      | Maken the Octopode Conjurer began the quest for the Orb.
     0 | D:1      | Reached XP level 1. HP: 11/11 MP: 3/3
    33 | D:1      | Upgraded the game from 0.29-a0-96-g93358da72b to
                  | 0.29-a0-251-g80730f7218
   232 | D:1      | Reached XP level 2. HP: 9/17 MP: 5/5
  1302 | D:2      | Noticed Terence
  1352 | D:2      | Killed Terence
  1353 | D:2      | Reached XP level 3. HP: 1/21 MP: 1/6
  1950 | D:2      | Reached XP level 4. HP: 10/27 MP: 5/7
  2132 | D:2      | Upgraded the game from 0.29-a0-251-g80730f7218 to
                  | 0.29-a0-275-g389c0b56f3
  3600 | D:3      | Found a faded altar of an unknown god.
  3671 | D:3      | Reached XP level 5. HP: 31/31 MP: 9/9
  4181 | D:4      | Gained mutation: You are frail. (-10% HP) [potion of
                  | mutation]
  4181 | D:4      | Gained mutation: Your natural rate of healing is unusually
                  | fast. [potion of mutation]
  4275 | D:4      | Found an ornate altar of the Wu Jian Council.
  4380 | D:4      | Reached XP level 6. HP: 23/32 MP: 10/10
  4388 | D:4      | Reached skill level 5 in Stealth
  4388 | D:4      | Reached skill level 5 in Conjurations
  4650 | D:4      | Found a staircase to the Ecumenical Temple.
  4659 | Temple   | Entered the Ecumenical Temple
  4864 | Temple   | Upgraded the game from 0.29-a0-275-g389c0b56f3 to
                  | 0.29-a0-284-gf9362112df
  4895 | Temple   | Became a worshipper of Vehumet
  5001 | D:4      | Found a sparkling altar of Nemelex Xobeh.
  5107 | D:4      | Learned a level 2 spell: Searing Ray
  5203 | D:4      | Noticed a black bear
  5209 | D:4      | Killed a black bear
  5403 | D:4      | Reached XP level 7. HP: 36/36 MP: 12/12
  5531 | D:5      | Entered Level 5 of the Dungeon
  5968 | D:5      | Found a white marble altar of Elyvilon.
  6418 | D:6      | Reached XP level 8. HP: 41/41 MP: 11/14
  6444 | D:6      | Reached skill level 5 in Dodging
  6883 | D:7      | Noticed a yak
  6891 | D:7      | Killed a yak
  6892 | D:7      | Reached skill level 5 in Spellcasting
  6937 | D:7      | Noticed a yak
  6937 | D:7      | Noticed a yak
  6937 | D:7      | Noticed a yak
  6938 | D:7      | Noticed a yak
  6938 | D:7      | Noticed a yak
  6942 | D:7      | Killed a yak
  6943 | D:7      | Killed a yak
  6943 | D:7      | Killed a yak
  6947 | D:7      | Killed a yak
  6948 | D:7      | Reached XP level 9. HP: 39/45 MP: 13/17
  7120 | D:7      | Reached * piety under Vehumet
  7120 | D:7      | Offered knowledge of Sandblast by Vehumet.
  7188 | D:7      | Noticed a manticore
  7200 | D:7      | Killed a manticore
  7713 | D:7      | Noticed Maggie
  7726 | D:7      | Killed Maggie
  7811 | D:7      | Reached XP level 10. HP: 41/56 MP: 20/20
  8011 | D:8      | Noticed a two-headed ogre
  8133 | D:8      | Offered knowledge of Shock by Vehumet.
  8141 | D:8      | Reached ** piety under Vehumet
  8145 | D:8      | Noticed an oklob plant
  8322 | D:8      | Found a flagged portal.
  8332 | Bailey   | Entered a bailey
  8627 | Bailey   | Upgraded the game from 0.29-a0-284-gf9362112df to
                  | 0.29-a0-495-g17b79114eb
  8637 | Bailey   | HP: 2/58 [orc warrior/bolt (22)]
  8709 | Bailey   | Learned a level 4 spell: Hailstorm
  8711 | Bailey   | Upgraded the game from 0.29-a0-495-g17b79114eb to
                  | 0.29-a0-506-ga2e7fffb44
  8759 | Bailey   | Learned a level 3 spell: Mephitic Cloud
  8781 | Bailey   | Offered knowledge of Poisonous Vapours by Vehumet.
  9116 | Bailey   | Noticed an orc knight
  9164 | D:8      | Acquired a +4 ring of slaying
  9306 | D:8      | Reached skill level 1 in Evocations
  9575 | D:8      | Noticed a two-headed ogre
  9586 | D:8      | Killed a two-headed ogre
  9587 | D:8      | Reached skill level 5 in Fighting
  9724 | D:8      | Reached *** piety under Vehumet
 10023 | D:8      | Killed a two-headed ogre
 10348 | D:8      | Reached XP level 11. HP: 64/64 MP: 23/23
 10869 | D:9      | Offered knowledge of Olgreb's Toxic Radiance by Vehumet.
 10874 | D:9      | Found a staircase to the Orcish Mines.
 11078 | D:9      | Found Anoanouv's Assorted Antiques.
 11295 | D:9      | Reached **** piety under Vehumet
 11545 | D:10     | Entered Level 10 of the Dungeon
 11546 | D:10     | Noticed Nergalle
 11608 | D:10     | Upgraded the game from 0.29-a0-506-ga2e7fffb44 to
                  | 0.29-a0-512-gf59ac788ac
 11610 | D:10     | Found a staircase to the Lair.
 11618 | D:10     | Noticed Fannar
 11847 | D:10     | Slain by an unseen horror

Illustrated notes

Levels and vault maps discovered:
D:1:      scummos_arrival_hexagon, layout_basic
D:2:      layout_basic, minmay_pentomino_t2, uniq_terence
D:3:      layout_basic, ebering_ecumenical_altar_webs
D:4:      layout_loops_ring, mainiacjoe_overflow_six_doors_small,
          mainiacjoe_overflow_surrounded_room,
          minmay_temple_entry_statues_fountains, cheibrodos_gnoll_hut
D:5:      layout_loops_ring, nicolae_elyvilon_peaceful_grove
D:6:      layout_gridville, serial_rivers, chequers_serial_rivers_small_3,
          chequers_serial_rivers_room_b, chequers_serial_rivers_micro_e,
          chequers_serial_rivers_small_b, chequers_serial_rivers_large_a,
          minmay_misc_feat_cross
D:7:      layout_basic, eino_jars, uniq_maggie
D:8:      lemuel_slime, layout_layer_cave, enter_bailey_3, kennysheep_nub
D:9:      layout_roguey, erik_orc_4, serial_shops, shop
D:10:     layout_basic, due_lair_maze_entry_diamond, dreamdust_wishing_well,
          uniq_nergalle, uniq_psyche, uniq_fannar, uniq_urug, uniq_maurice
Temple:   mainiacjoe_temple_bowtie_tessellation

Skill      XL: |  1  2  3  4  5  6  7  8  9 10 11 |
---------------+----------------------------------+-----
Stealth        | 3 4 5 |  5.8
Dodging        | 3 4 6 7 8 9 |  9.2
Spellcasting   | 3 4 5 7 8 |  8.5
Conjurations   | 5 6 7 8 9 |  9.8
Fighting       | 3 5 6 |  6.1
Evocations     | 3 4 |  4.2

Action                   |  1- 3 |  4- 6 |  7- 9 | 10-12 || total
-------------------------+-------+-------+-------+-------++-------
Melee: Unarmed           |    68 |     7 |       |       ||    75
       Tentacles         |    20 |     2 |     1 |    11 ||    34
       Constrict         |    20 |     1 |     2 |     4 ||    27
       Staff             |       |       |     7 |    39 ||    46
       Punch             |       |       |     2 |     1 ||     3
 Cast: Magic Dart        |    29 |   144 |    40 |    59 ||   272
       Searing Ray       |       |     6 |    36 |    93 ||   135
       Hailstorm         |       |       |       |    15 ||    15
Evoke: Wand              |       |       |       |    12 ||    12
  Use: Potion            |     1 |     2 |       |     6 ||     9
       Scroll            |       |     1 |     5 |    11 ||    17
 Stab: Sleeping          |     7 |       |       |     2 ||     9
Armor: Skin              |     6 |     5 |     4 |     1 ||    16
Dodge: Dodged            |    51 |    50 |    53 |   165 ||   319

Table legend: (Time is in decaauts)
 A = Elapsed time spent in this place.
 B = Non-inter-level travel time spent in this place.
 C = Inter-level travel time spent in this place.
 D = Time resting spent in this place.
 E = Time spent auto-exploring this place.
 F = Levels seen in this place.
 G = Mean time per level.
                   A        B        C        D        E       F      G
               +--------+--------+--------+--------+--------+-----+--------+
         Total |  11821 |  11434 |    387 |   1068 |   7735 |  12 |  985.1 |
       Dungeon |  10770 |  10421 |    349 |    807 |   7537 |  10 | 1077.0 |
        Temple |    261 |    223 |     38 |      0 |    193 |   1 |  261.0 |
        Bailey |    789 |    789 |      0 |    261 |      5 |   1 |  789.0 |
               +--------+--------+--------+--------+--------+-----+--------+

Top non-repeatable levels by time:
     D:8: 1825 daAuts
     D:2: 1479 daAuts
     D:4: 1353 daAuts
     D:1: 1285 daAuts
     D:7: 1270 daAuts
     D:3: 1129 daAuts
     D:9: 811 daAuts
  Bailey: 789 daAuts
     D:6: 691 daAuts
     D:5: 646 daAuts
    D:10: 277 daAuts
  Temple: 261 daAuts
